 Dungeon Crawl Stone Soup version 0.21.1-1-g345015fe64 (webtiles) character file.

129 KleinerIrrer the Chopper (level 5, -1/32 HPs)
             Began as a Gargoyle Fighter on Apr 4, 2018.
             Slain by a hippogriff (4 damage)
             ... on level 3 of the Dungeon.
             The game lasted 00:00:41 (2461 turns).

KleinerIrrer the Chopper (Gargoyle Fighter)         Turns: 2461, Time: 00:00:41

Health: -1/32      AC: 13    Str: 21    XL:     5   Next: 12%
Magic:  5/5        EV:  5    Int:  8    God:
Gold:   131        SH:  9    Dex:  9    Spells: 4/4 levels left

rFire    . . .     SeeInvis .   Y - +0 war axe
rCold    + . .     Gourm    .   c - +0 shield
rNeg     + . .     Faith    .   n - +0 chain mail
rPois    ∞         Spirit   .   (no helmet)
rElec    +         Reflect  .   (no cloak)
rCorr    .         Harm     .   (no gloves)
MR       .....                  (no boots)
Stlth    ..........             (no amulet)
HPRegen  0.10/turn              o - ring of protection from cold
MPRegen  0.09/turn              (no ring)

@: no status effects
A: negative energy resistance 1, electricity resistance, unbreathing,
petrification resistance, rot immunity, AC +4
a: no special abilities


You were on level 3 of the Dungeon.
You were not hungry.

You visited 1 branch of the dungeon, and saw 3 of its levels.

You collected 131 gold pieces.


Innate Abilities, Weirdness & Mutations

You are resistant to torment.
Your stone body is resilient. (AC +4)
You are immune to poison.
You resist negative energy. (rN+)
You are resistant to electric shocks. (rElec)
You can survive without breathing.
You are immune to petrification.
You are immune to rotting.


   Skills:
 - Level 3.2 Fighting
 + Level 4.7 Axes
 - Level 3.2 Armour
 - Level 3.2 Shields


You had 4 spell levels left.
You didn't know any spells.

Inventory:

Hand Weapons
 i - a +0 whip
 m - a +2 whip of freezing
 Y - a +0 war axe (weapon)
Armour
 c - a +0 shield (worn)
 n - a +0 chain mail (worn)
Jewellery
 o - a ring of protection from cold (left hand)
Potions
 d - 3 potions of might
 e - a potion of curing {unknown}
 h - a potion of agility {unknown}
 j - a potion of resistance {unknown}
 k - a potion of flight {unknown}
Comestibles
 f - 6 rations

Dungeon Overview and Level Annotations

Branches:
Dungeon (3/15)

Altars:
Ashenzari
Cheibriados


Message History

The hippogriff claws you but does no damage.
Your shield and chain mail prevent you from hitting the hippogriff.
The hippogriff is severely wounded.
The hippogriff bites you but does no damage.
The hippogriff barely misses you. You block the hippogriff's attack.
You hit the hippogriff.
The hippogriff is severely wounded.
The hippogriff barely misses you.
The hippogriff pecks you but does no damage.
The hippogriff claws you but does no damage.
You slash the hippogriff!
The hippogriff is severely wounded.
The hippogriff bites you. You block the hippogriff's attack.
The hippogriff claws you but does no damage.
The hippogriff bites you but does no damage.
You block the hippogriff's attack. x2
You completely miss the hippogriff.
The hippogriff is severely wounded.
You block the hippogriff's attack. The hippogriff pecks you.
You die...

#...#.#..##.#####.##.###.##...
###.#.#.#..)......#........##...
#..........#....#.####.######...
#.#.#.#.............##.# #...
#.#...#..#........#.##.# #...
#.#####.......#.###.##.######...
#...........>...................
#######.........#.#.##.########.
#........@#.#......######.
########........H................
........).#..#.###.######.#######
######.#...........# ####.#######
#.##.#..#..#### #...........
#.##.#)##..# #......#####
#.##....#..# #....(.#
#.####..#..# #...(..# #.# #..#..#
#(.....#


You could see a hippogriff.

Vanquished Creatures
  An iguana (D:2)
  3 adders
  5 worms (D:2)
  A dart slug (D:2)
  3 leopard geckos
  An orc (D:3)
  2 giant cockroaches (D:2)
  7 goblins
  4 hobgoblins
  4 jackals (D:2)
  9 kobolds
  A quokka (D:3)
  A ball python (D:2)
  7 bats
  4 frilled lizards (D:2)
  7 rats
60 creatures vanquished.

Notes
Turn   | Place    | Note
-------+----------+-------------------------------------------
     0 | D:1      | KleinerIrrer the Gargoyle Fighter began the quest for the Orb.
     0 | D:1      | Reached XP level 1. HP: 14/14 MP: 1/1
     0 | D:1      | 0 ||| counter = 54
    24 | D:1      | Reached skill level 2 in Axes
   137 | D:1      | Reached XP level 2. HP: 19/19 MP: 2/2
   312 | D:1      | 312 ||| DROPPING club.
   671 | D:1      | 671 ||| UPGRADING to runed leather armour.
   681 | D:1      | 681 ||| UPGRADING to +0 scale mail.
   691 | D:1      | 691 ||| DROPPING +2 leather armour of positive energy.
   692 | D:1      | 692 ||| UPGRADING to chain mail.
   702 | D:1      | 702 ||| DROPPING +0 scale mail.
   703 | D:1      | 703 ||| READING scroll labeled PIRPHOFERI.
   704 | D:1      | 704 ||| READING scroll labeled CYSOTH ASKO.
   705 | D:1      | 705 ||| READING scroll labeled VEFFIS OFOKHY.
   745 | D:2      | Reached skill level 3 in Axes
   765 | D:2      | Reached XP level 3. HP: 17/23 MP: 3/3
   862 | D:2      | Found a shattered altar of Ashenzari.
  1298 | D:2      | Reached skill level 4 in Axes
  1298 | D:2      | Reached XP level 4. HP: 28/28 MP: 4/4
  1765 | D:2      | 1765 ||| READING scroll labeled RAOJEE QELE.
  1766 | D:2      | 1766 ||| READING scroll labeled TYORCH DEZIOMAI.
  1767 | D:2      | 1767 ||| READING scroll labeled YCABIBIHOC.
  1768 | D:2      | 1768 ||| READING scroll labeled CENUXK RIOCS.
  1769 | D:2      | 1769 ||| READING 2 scrolls of identify.
  1769 | D:2      | 1769 ||| IDENTIFYING fizzy red potion
  1770 | D:2      | 1770 ||| DROPPING potion of berserk rage.
  2024 | D:3      | Reached XP level 5. HP: 29/32 MP: 5/5
  2261 | D:3      | Found a snail-covered altar of Cheibriados.
  2388 | D:3      | Noticed a hippogriff
  2417 | D:3      | 2417 ||| STAIRDANCE
  2450 | D:2      | 2450 ||| READING scroll labeled LYXKITWAK ARUQ.
  2451 | D:2      | 2451 ||| READING scroll labeled BOIVVY AMMU.
  2452 | D:2      | 2452 ||| READING scroll of identify.
  2452 | D:2      | 2452 ||| IDENTIFYING brass ring
  2453 | D:2      | 2453 ||| UPGRADING to ring of protection from cold.
  2457 | D:3      | HP: 4/32 [hippogriff (7)]
  2461 | D:3      | Slain by a hippogriff

Vault maps used:
D:1:      dpeg_arrival_castle
D:2:      evilmike_ruin_ashenzari
D:3:      overflow_temple_1_default

Skill      XL: |  1  2  3 |
---------------+----------+-----
Axes           | 2 3 4 |  4.7
Fighting       | |  3.2
Armour         | |  3.2
Shields        | |  3.2

Action                   |  1- 3 |  4- 6 || total
-------------------------+-------+-------++-------
Melee: War axe           |   118 |   134 ||   252
  Use: Scroll            |     3 |     8 ||    11
  Eat: Chunk             |     1 |     5 ||     6
Armor: Scale mail        |    17 |       ||    17
       Chain mail        |    33 |    87 ||   120
Dodge: Dodged            |    28 |    38 ||    66
Block: Shield            |    57 |    80 ||   137

Table legend:
 A = Spawn XP
 B = Non-spawn XP
 C = Spawn XP percentage of total XP
 D = Spawn monster count
 E = Non-spawn monster count
 F = Spawn count percentage of total count
 G = Total turns spent on level
                    A         B        C        D         E        F      G
               +---------+---------+-------+---------+---------+-------+---------
         Total |       0 |     185 |   0.0 |       0 |      60 |   0.0 |  2461
               +---------+---------+-------+---------+---------+-------+---------
           D:1 |       0 |      26 |   0.0 |       0 |      16 |   0.0 |   719
           D:2 |       0 |     108 |   0.0 |       0 |      27 |   0.0 |  1115
           D:3 |       0 |      51 |   0.0 |       0 |      17 |   0.0 |   627
               +---------+---------+-------+---------+---------+-------+---------
